 Dungeon Crawl Stone Soup version 0.21.1-1-g345015f (webtiles) character file.

130 Fang the Skirmisher (level 5, -2/49 HPs)
             Began as a Gargoyle Berserker on Apr 26, 2018.
             Was a Believer of Trog.
             Slain by a crocodile (5 damage)
             ... in a sewer.
             The game lasted 00:09:27 (2946 turns).

Fang the Skirmisher (Gargoyle Berserker)            Turns: 2946, Time: 00:09:28

Health: -2/49      AC:  7    Str: 27    XL:     5   Next: 14%
Magic:  5/5        EV: 12    Int: 12    God:    Trog [**....]
Gold:   54         SH:  0    Dex:  9    Spells: 4/4 levels left

rFire    + . .     SeeInvis .   j - +1 rapier (speed)
rCold    x . .     Gourm    .   (no shield)
rNeg     + . .     Faith    .   b - +0 animal skin
rPois    ∞         Spirit   .   m - +1 hat
rElec    +         Reflect  .   (no cloak)
rCorr    .         Harm     .   (no gloves)
MR       .....                  (no boots)
Stlth    ..........             (no amulet)
HPRegen  0.16/turn              g - +5 ring of intelligence
MPRegen  0.09/turn              o - ring of fire

@: berserking, slow
A: negative energy resistance 1, electricity resistance, unbreathing,
petrification resistance, rot immunity, AC +4
a: Berserk, Trog's Hand, Burn Spellbooks, Renounce Religion


You were in a sewer.
You worshipped Trog.
Trog was pleased with you.
You were near starving.

You visited 1 branch of the dungeon, and saw 3 of its levels.
You also visited: Sewer.

You collected 54 gold pieces.

Inventory:

Hand Weapons
 a - a +0 hand axe
 j - a +1 rapier of speed (weapon)
Armour
 b - a +0 animal skin (worn)
 m - a +1 hat (worn)
Jewellery
 g - a +5 ring of intelligence (left hand)
 l - an uncursed ring of resist corrosion
 o - a ring of fire (right hand)
Wands
 e - a wand of random effects (18)
Scrolls
 h - a scroll of remove curse
 q - a scroll of blinking
Potions
 d - a potion of agility
 f - 2 potions of flight
 i - 2 potions of might
 k - a potion of invisibility {unknown}
 n - a potion of curing
 r - a potion of heal wounds {unknown}
Comestibles
 c - 5 rations


   Skills:
 + Level 4.1 Fighting
 + Level 1.0 Short Blades
 + Level 3.8 Axes
 + Level 2.2 Armour
 + Level 2.1 Dodging
 + Level 1.5 Stealth


You had 4 spell levels left.
You didn't know any spells.

Dungeon Overview and Level Annotations

Branches:
Dungeon (3/15)

Altars:
Nemelex Xobeh


Innate Abilities, Weirdness & Mutations

You are resistant to torment.
Your stone body is resilient. (AC +4)
You are immune to poison.
You resist negative energy. (rN+)
You are resistant to electric shocks. (rElec)
You can survive without breathing.
You are immune to petrification.
You are immune to rotting.


Message History

Your unstable footing causes you to fumble your attack.
The crocodile bites you but does no damage.
A red film seems to cover your vision as you go berserk!
You feel yourself moving faster!
You feel mighty!
You are feeling very hungry.
The crocodile bites you!
You are too injured to fight recklessly!
You are too injured to fight recklessly!
You puncture the crocodile!
The crocodile is moderately wounded.
You barely miss the crocodile.
The crocodile is moderately wounded.
The crocodile bites you!
* * * LOW HITPOINT WARNING * * *
Your unstable footing causes you to fumble your attack.
You hit the crocodile.
The crocodile is heavily wounded.
You are near starving!
The crocodile bites you.
You die...

######## ###.≈....###
###..≈.≈≈≈≈..### #
###..≈.≈####.....##.!#
#...≈.### ###.≈@t≈#
.≈≈..## ##≈≈....#
#...≈.# #.≈≈..###
###.≈...# ≈≈..≈##≈!
###.≈≈≈≈ ....### [[#
##......## ## ######


You could see a crocodile.

Vanquished Creatures
  5 adders
  2 worms (D:2)
  3 dart slugs
  2 leopard geckos
  A giant cockroach (D:2)
  9 goblins
  10 hobgoblins
  4 jackals
  7 kobolds
  13 bats
  4 frilled lizards
  10 rats
70 creatures vanquished.

Notes
Turn   | Place    | Note
-------+----------+-------------------------------------------
     0 | D:1      | Fang the Gargoyle Berserker began the quest for the Orb.
     0 | D:1      | Reached XP level 1. HP: 14/14 MP: 1/1
    93 | D:1      | Reached XP level 2. HP: 2/19 MP: 2/2
   777 | D:1      | Reached XP level 3. HP: 24/24 MP: 3/3
  1432 | D:2      | Found a sparkling altar of Nemelex Xobeh.
  1550 | D:2      | Reached ** piety under Trog
  1737 | D:2      | Reached XP level 4. HP: 29/29 MP: 4/4
  1831 | D:2      | Reached skill level 1 in Stealth
  2117 | D:2      | Reached skill level 4 in Fighting
  2430 | D:3      | Reached XP level 5. HP: 28/33 MP: 5/5
  2872 | D:3      | Found a glowing drain.
  2877 | Sewer    | Entered a sewer
  2881 | Sewer    | Reached skill level 1 in Short Blades
  2933 | Sewer    | Noticed a crocodile
  2946 | Sewer    | Slain by a crocodile

Skill      XL: |  1  2  3  4  5 |
---------------+----------------+-----
Axes           | 3 |  3.8
Stealth        | 1 |  1.5
Dodging        | 2 |  2.1
Fighting       | 4 |  4.1
Short Blades   | 1 |  1.0
Armour         | |  2.2

Action                   |  1- 3 |  4- 6 || total
-------------------------+-------+-------++-------
Melee: Hand axe          |   123 |       ||   123
       Rapier            |     7 |   121 ||   128
Invok: Burn Spellbooks   |       |     1 ||     1
       Berserk           |       |     1 ||     1
  Use: Scroll            |     5 |     2 ||     7
 Stab: Sleeping          |     1 |     1 ||     2
  Eat: Chunk             |     3 |     3 ||     6
Armor: Animal skin       |    52 |    43 ||    95
Dodge: Dodged            |   101 |    76 ||   177
